 Dungeon Sprint DCSS version 0.28-a0-313-gbc0475efdd (webtiles) character file.

Game seed: 16305439881256186251

876 Ankalagon the Blocker (level 8, -3/54 HPs)
             Began as a Gargoyle Fighter on Aug 31, 2021.
             Was an Initiate of Zin.
             Slain by a polar bear (13 damage)
             ... in the Dungeon (Sprint II: "The Violet Keep of Menkaure").
             The game lasted 00:03:57 (953 turns).

Ankalagon the Blocker (Gargoyle Fighter)             Turns: 953, Time: 00:03:57

Health: -3/54      AC: 22    Str: 14    XL:     8   Next: 4%
Magic:  8/8        EV:  8    Int: 16    God:    Zin [......]
Gold:   11         SH: 11    Dex:  9    Spells: 7/7 levels left

rFire   . . .      SeeInvis .   a - +0 flail
rCold   . . .      Faith    .   c - +0 kite shield
rNeg    + . .      Spirit   .   f - +6 scale mail of the cherry {Str-5 Int+6}
rPois   ∞          Reflect  .   m - +0 helmet
rElec   +          Harm     .   l - +1 cloak
rCorr   .          Rampage  .   (no gloves)
Will    .....      Rnd*Rage +   (no boots) Stlth ..........NoTele +
                                (no amulet)
HPRegen 0.18/turn               (no ring)
MPRegen 0.11/turn               (no ring)

@: mighty, very slightly contaminated, invisible
A: sickness immunity, AC +5, negative energy resistance 1, electricity
resistance, torment resistance 1, petrification resistance, iridescent scales 1,
berserk 1, clumsy 1, deformed body, deterioration 1
a: Renounce Religion, Donate Gold


You were in the Dungeon.
You worshipped Zin.
Zin was noncommittal.
You visited 1 branch You collected 729 gold pieces.
You spent 717 gold pieces at shops.
You donated 1 gold pieces to Zin.

Inventory:

Hand Weapons
 a - a +0 flail (weapon)
Armour
 b - a +0 scale mail
 c - a +0 kite shield (worn)
 f - the +6 scale mail of the cherry (worn) {Str-5 Int+6}
   (You bought it in a shop in the Dungeon)

   Str:       It affects your strength (-5).
   Int:       It affects your intelligence (+6).
 l - a +1 cloak (worn)
 m - a +0 helmet (worn)
Scrolls
 j - a scroll of blinking
Potions
 d - a potion of might
 e - a potion of curing
 g - a potion of haste
 h - 2 potions of magic
 k - 2 potions of heal wounds


   Skills:
 - Level 8.2 Fighting
 + Level 10.2 Maces & Flails
 - Level 8.2 Armour
 + Level 11.3 Shields
 + Level 0.0 Invocations


You had 7 spell levels left.
You didn't know any spells.
Your spell library was empty.

Dungeon Overview and Level Annotations

Branches:
Dungeon (1/1)

Altars:
Cheibriados
Dithmenos
Elyvilon
Fedhas
Gozag
Hepliaklqana
Kikubaaqudgha
Makhleb
Nemelex Xobeh
Okawaru
Qazlal
Ru
Sif Muna
Trog
Uskayaw
Vehumet
Wu Jian
Xom
Yredelemnul
Zin
The Shining One
Beogh
Jiyva
Lugonu

Shops:
D =:::?[=![![:(!(

Annotations:
D exclusion: oklob plant


Innate Abilities, Weirdness & Mutations

You are immune to sickness and miasma.
Your stone body is resilient. (AC +5)
You are immune to poison.
You resist negative energy. (rN+)
You are resistant to electric shocks. (rElec)
You are resistant to unholy torment.
You are immune to petrification.
You are partially covered in iridescent scales. (AC +2)
You tend to lose your temper in combat.
You are clumsy. (Dex -2)
Armour fits poorly on your strangely shaped body.
Your body sometimes deteriorates upon taking damage.


Message History

You kneel at the altar of Zin.
Zin welcomes you!
You pay a tithe of 1 gold.
You can now donate money to Zin.
Unknown command.
Press < or > to pray at altars.
Unknown command.
Press < or > to pray at altars.
You open the door. You sock the polar bear!
The polar bear is lightly wounded.
You block the polar bear's attack.
The polar bear claws you but does no damage. x2
You hit the polar bear but do no damage.
The polar bear is lightly wounded.
The polar bear bites you! The polar bear claws you.
You block the polar bear's attack.
You barely miss the polar bear.
The polar bear is lightly wounded.
You hit the polar bear but do no damage.
The polar bear is lightly wounded.
You block the polar bear's attack. x3
The hornet stings you but does no damage.
You thump the polar bear!
The polar bear is moderately wounded.
You block the hornet's attack. The polar bear bites you.
You block the polar bear's attack.
The polar bear claws you but does no damage.
The hornet stings you!
You are too injured to fight recklessly!
You are too injured to fight recklessly!
You fade into invisibility!
The polar bear bites you but does no damage.
The polar bear barely misses you. x2; The hornet stings you!
You are very lightly contaminated with residual magic.
You feel very mighty all of a sudden. The hornet stings you!
* * * LOW HITPOINT WARNING * * *
The polar bear bites you!
You die... ...# ...# ###..## #..# .# ![! #+###.##..# +..# .# $((? #.##...#..# #..# .# (??(

.<.'##.'..### ..##.#▓((?[
#.##...#§...###...##▓▓▓▓▓
#'###.##§.....≈ch≈≈≈≈≈≈≈≈
#..####§§.....h#y########
##..#≈≈≈≈≈≈≈..≈#@h._._..#
†#.##§≈≈≈§§≈§.§#.._._._.#
#+##≈≈≈≈§≈≈≈≈§≈#._._._._#
≈≈≈≈≈§≈≈§≈§§≈≈≈#_._._._.#
§#§§§#≈§≈§§≈§≈≈#._._._..#
;;§;;##§§≈###§§#_._._...#
;§≈ #§§#._._....# §§§§
#§§#_._.....# §≈§§
§§§##########


You could see 3 polar bears, a yaktaur and a hornet.

Vanquished Creatures
  3 neqoxecs (D)
  Menkaure (D)
  4 necrophages (D)
  3 worms (D)
11 creatures vanquished.

Vanquished Creatures (others)
  A neqoxec (D)
  A water moccasin (D)
  An electric eel (D)
3 creatures vanquished.

Grand Total: 14 creatures vanquished

Notes
Turn   | Place    | Note
-------+----------+-------------------------------------------
     0 | D        | Ankalagon the Gargoyle Fighter began the quest for the Orb.
     0 | D        | Reached XP level 1. HP: 14/14 MP: 1/1
    14 | D        | Reached XP level 2. HP: 10/20 MP: 2/2
    58 | D        | Killed a water moccasin
   176 | D        | Noticed an electric eel
   177 | D        | Noticed an electric eel
   177 | D        | Noticed an electric eel
   177 | D        | Noticed an electric eel
   177 | D        | Noticed an electric eel
   177 | D        | Noticed an electric eel
   177 | D        | Noticed an electric eel
   184 | D        | Reached skill level 4 in Shields
   322 | D        | Noticed a necrophage
   322 | D        | Noticed a necrophage
   322 | D        | Noticed a necrophage
   322 | D        | Noticed a necrophage
   330 | D        | Killed a necrophage
   331 | D        | Reached skill level 5 in Fighting
   331 | D        | Reached skill level 5 in Armour
   331 | D        | Reached skill level 5 in Shields
   331 | D        | Reached XP level 3. HP: 27/27 MP: 3/3
   331 | D        | Reached XP level 4. HP: 32/32 MP: 4/4
   335 | D        | Killed a necrophage
   336 | D        | Reached skill level 5 in Maces & Flails
   336 | D        | Reached skill level 6 in Shields
   336 | D        | Reached XP level 5. HP: 37/37 MP: 5/5
   342 | D        | Killed a necrophage
   343 | D        | Reached skill level 7 in Shields
   343 | D        | Reached XP level 6. HP: 42/44 MP: 6/6
   355 | D        | Killed a necrophage
   356 | D        | Reached skill level 8 in Shields
   377 | D        | Noticed a neqoxec
   377 | D        | Noticed a neqoxec
   385 | D        | Gained mutation: You are clumsy. (Dex -2) [a neqoxec]
   399 | D        | Killed a neqoxec
   400 | D        | Reached skill level 9 in Shields
   400 | D        | Reached XP level 7. HP: 34/49 MP: 7/7
   406 | D        | Gained mutation: Armour fits poorly on your strangely
                  | shaped body. [a neqoxec]
   407 | D        | Gained mutation: You are partially covered in iridescent
                  | scales. (AC +2) [a neqoxec]
   415 | D        | Killed a neqoxec
   416 | D        | Reached skill level 10 in Shields
   578 | D        | Found Siaciddu's Distillery.
   578 | D        | Noticed a neqoxec
   585 | D        | Gained mutation: You tend to lose your temper in combat. [a
                  | neqoxec]
   589 | D        | Gained mutation: Your body sometimes deteriorates upon
                  | taking damage. [a neqoxec]
   602 | D        | Killed a neqoxec
   604 | D        | Found Faunerch's Antique Weapon Shop.
   604 | D        | Found Casuh's Weapon Shop.
   604 | D        | Found Hoostep's Book Boutique.
   604 | D        | Found Yptisoem's Antique Armour Shop.
   699 | D        | Killed a neqoxec
   741 | D        | Found Qoompaib's Distillery.
   741 | D        | Found Piuhegaf's Antique Armour Boutique.
   741 | D        | Found Jijeol's Distillery.
   742 | D        | Found Cogixam's Jewellery Boutique.
   742 | D        | Found Tesew's Antique Armour Boutique.
   742 | D        | Found Soggiad's Magic Scroll Shop.
   742 | D        | Noticed Menkaure
   743 | D        | Noticed a polar bear
   756 | D        | Killed Menkaure
   757 | D        | Reached skill level 10 in Maces & Flails
   757 | D        | Reached skill level 11 in Shields
   757 | D        | Reached XP level 8. HP: 47/54 MP: 8/8
   757 | D        | Noticed a polar bear
   758 | D        | Found Punel's Book Boutique.
   758 | D        | Found Qoneleku's Book Shop.
   758 | D        | Noticed an oklob plant
   759 | D        | Found Qoumpez's Book Shoppe.
   759 | D        | Found Nofil's Jewellery Boutique.
   796 | D        | Noticed a slime creature
   797 | D        | Noticed a slime creature
   827 | D        | Bought an ancient scale mail for 198 gold pieces
   827 | D        | Identified the +6 scale mail of the cherry {Str-5 Int+6}
                  | (You bought it in a shop in the Dungeon)
   842 | D        | Bought a potion of invisibility for 96 gold pieces
   842 | D        | Bought a potion of might for 48 gold pieces
   852 | D        | Bought a potion of heal wounds for 60 gold pieces
   852 | D        | Bought a potion of heal wounds for 60 gold pieces
   874 | D        | Found a glowing silver altar of Zin.
   895 | D        | Bought an embroidered cloak for 165 gold pieces
   903 | D        | Bought a helmet for 90 gold pieces
   929 | D        | Found a glowing golden altar of the Shining One.
   929 | D        | Found a basalt altar of Yredelemnul.
   929 | D        | Found a hide-covered altar of Uskayaw.
   929 | D        | Found a radiant altar of Vehumet.
   930 | D        | Found a shimmering altar of Xom.
   930 | D        | Found a bloodstained altar of Trog.
   930 | D        | Found a burning altar of Makhleb.
   931 | D        | Found an ornate altar of the Wu Jian Council.
   931 | D        | Found a shimmering blue altar of Sif Muna.
   931 | D        | Found a corrupted altar of Lugonu.
   932 | D        | Found a sacrificial altar of Ru.
   932 | D        | Found an ancient bone altar of Kikubaaqudgha.
   932 | D        | Found a white marble altar of Elyvilon.
   933 | D        | Found a stormy altar of Qazlal.
   933 | D        | Found a viscous altar of Jiyva.
   933 | D        | Found a shadowy altar of Dithmenos.
   934 | D        | Found a hazy altar of Hepliaklqana.
   934 | D        | Found a snail-covered altar of Cheibriados.
   936 | D        | Found a sparkling altar of Nemelex Xobeh.
   936 | D        | Found a blossoming altar of Fedhas.
   936 | D        | Noticed a hornet
   936 | D        | Noticed a polar bear
   936 | D        | Noticed a polar bear
   937 | D        | Found an opulent altar of Gozag.
   937 | D        | Found an iron altar of Okawaru.
   937 | D        | Noticed a yaktaur
   937 | D        | Noticed a polar bear
   941 | D        | Noticed a flying skull
   942 | D        | Became a worshipper of Zin the Law-Giver
   953 | D        | Slain by a polar bear

Illustrated notes

Levels and vault maps discovered:
D:        the_violet_keep_of_menkaure [sprint2_stairs_cluster_1,
          sprint2_shoproom, sprint2_temple, sprint2_basic_supplies,
          sprint2_obstacle_7, sprint2_obstacle_1, sprint2_obstacle_4,
          sprint2_obstacle_2, sprint2_obstacle_3, sprint2_timed_cluster_1,
          sprint2_smallroom_cluster_1, sprint2_smallroom_final_cluster_1,
          sprint2_transparent_cluster_1, sprint2_second_timed_cluster_1,
          sprint2_sniper_area_1, sprint2_heavy_combat_area_1,
          sprint2_mutation_trap_area_1, sprint2_forest_area_1,
          sprint2_light_combat_area_1, sprint2_behind_water_1,
          sprint2_near_end_vault_1]

Skill      XL: |  1  2  3  4  5  6  7 |
---------------+----------------------+-----
Fighting       | 5 6 7 8 |  8.2
Armour         | 5 6 7 8 |  8.2
Shields        | 5 6 7 9 11 | 11.3
Maces & Flails | 4 5 6 8 10 | 10.2

Action                   |  1- 3 |  4- 6 |  7- 9 || total
-------------------------+-------+-------+-------++-------
Melee: Flail             |    20 |    46 |    46 ||   112
  Use: Potion            |     1 |       |     3 ||     4
Armor: Scale mail        |     4 |    16 |    13 ||    33
Dodge: Dodged            |     3 |    10 |     5 ||    18
Block: Kite shield       |     6 |    17 |    17 ||    40

Table legend: (Time is in decaauts)
 A = Elapsed time spent in this place.
 B = Non-inter-level travel time spent in this place.
 C = Inter-level travel time spent in this place.
 D = Time resting spent in this place.
 E = Time spent auto-exploring this place.
 F = Levels seen in this place.
 G = Mean time per level.
                   A        B        C        D        E       F      G
               +--------+--------+--------+--------+--------+-----+--------+
         Total |    987 |    946 |     41 |    603 |     61 |   1 |  987.0 |
       Dungeon |    987 |    946 |     41 |    603 |     61 |   1 |  987.0 |
               +--------+--------+--------+--------+--------+-----+--------+

Top non-repeatable levels by time:
       D: 987 daAuts
